 Dungeon Crawl Stone Soup version 0.16.2-12-gd0ad4c3 (webtiles) character file.

548 faibistes the Magician (level 7, -2/38 HPs)
             Began as a Deep Elf Wizard on Dec 18, 2017.
             Shot with an arrow of flame by a centaur (3 damage)
             ... on level 5 of the Dungeon.
             The game lasted 00:15:48 (5885 turns).

faibistes the Magician (Deep Elf Wizard)            Turns: 5885, Time: 00:15:51

Health: -2/38      AC:  8    Str:  4    XL:     7   Next: 7%
Magic:  6/25       EV: 14    Int: 25    God:
Gold:   79         SH:  0    Dex: 13    Spells: 6 memorised, 7 levels left

rFire  . . .     SeeInvis .     w - +0 dagger (venom)
rCold  . . .     Clarity  +     a - +0 robe
rNeg   . . .     SustAb   +     (no shield)
rPois  .         Gourm    .     b - +0 hat
rElec  .         Spirit   .     A - +2 cloak
rCorr  .         Warding  .     y - +1 pair of gloves
rMut   .         Stasis   .     e - +0 pair of boots
MR     .....                    f - amulet of clarity
Stlth  ++........               (no ring)
                                u - ring of sustain abilities (curse)

@: lethally poisoned (-2 -> -5), not resistant to hostile enchantments,
unstealthy
A: no striking features
a: no special abilities


You were on level 5 of the Dungeon.
You were not hungry.

You visited 1 branch of the dungeon, and saw 7 of its levels.

You collected 205 gold pieces.
You spent 126 gold pieces at shops.

Inventory:

Hand weapons
 k - a +0 dagger
 v - a +2 vampiric short sword
 w - a +0 dagger of venom (weapon)
Armour
 a - a +0 robe (worn)
 b - a +0 hat (worn)
 e - a +0 pair of boots (worn)
 y - a +1 pair of gloves (worn)
 A - a +2 cloak (worn)
Jewellery
 f - an amulet of clarity (around neck)
 u - a cursed ring of sustain abilities (left hand)
Scrolls
 g - 3 scrolls of magic mapping {unknown}
 h - 2 scrolls of teleportation {unknown}
 i - 5 scrolls of remove curse {unknown}
 j - 2 scrolls of fog {unknown}
 m - 3 scrolls of enchant weapon {unknown}
 n - 2 scrolls of immolation {unknown}
 o - 2 scrolls of enchant armour {unknown}
 r - a scroll of noise {unknown}
 x - a scroll of amnesia {unknown}
 C - a scroll of blinking {unknown}
Potions
 l - 2 potions of cancellation
 q - 3 potions of curing
 s - a potion of ambrosia
 t - 3 potions of brilliance
Books
 c - a book of Minor Magic

   Spells                             Type                      Level
   a - Magic Dart                     Conjuration                  1
   b - Blink                          Translocation                2
   c - Call Imp                       Summoning                    2
   d - Repel Missiles                 Charms/Air                   2
   e - Slow                           Hexes                        2
   f - Conjure Flame                  Conjuration/Fire             3
   g - Mephitic Cloud                 Conjuration/Poison/Air       3
 p - a book of Control

   Spells                             Type                      Level
   a - Control Teleport               Charms/Translocation         4
   b - Control Undead                 Necromancy                   4
   c - Enslavement                    Hexes                        4
   d - Metabolic Englaciation         Hexes/Ice                    5
   e - Mass Confusion                 Hexes                        6
Comestibles
 d - 2 bread rations
 E - 2 meat rations


   Skills:
 * Level 1.3 Fighting
 + Level 4.8 Dodging
 - Level 2.4 Stealth
 * Level 7.3 Spellcasting
 - Level 3.7 Conjurations
 - Level 1.1 Summonings
 - Level 3.0 Translocations


You had 7 spell levels left.
You knew the following spells:

 Your Spells              Type           Power        Failure   Level  Hunger
a - Magic Dart            Conj           ####         1%          1    None
b - Conjure Flame         Conj/Fire      ###.....     12%         3    None
c - Call Imp              Summ           ##......     10%         2    None
d - Blink                 Tloc           N/A          3%          2    None
e - Mephitic Cloud        Conj/Pois/Air  ###.....     12%         3    None
f - Repel Missiles        Chrm/Air       #.....       12%         2    None


Dungeon Overview and Level Annotations

Branches:
Dungeon (7/15)
 Temple: D:4-7

Altars:
Nemelex Xobeh
Okawaru

Shops:
D:4 [(?

Annotations:
D:4 Eustachio
D:6 faibistes' ghost, experienced DEWz


Message History

You are poisoned.
Casting: Mephitic Cloud
Confirm with . or Enter, or press ? or * to list all spells.
You blink.
You feel sick.
The centaur unwields an uncursed dagger of venom.
It stops dripping with poison.
The centaur wields an uncursed shortbow.
The centaur shoots an arrow of flame.
The arrow of flame barely misses you.
Casting: Blink
Confirm with . or Enter, or press ? or * to list all spells.
Aiming: Mephitic Cloud
Press: ? - help, Shift-Dir - straight line, f/p - centaur
Aim: a centaur, wielding a shortbow and wearing a pearl ring (almost dead)
The ball explodes into a vile cloud!
The stinking cloud engulfs the centaur.
The centaur is almost dead.
You feel sick.
The centaur shoots an arrow of flame.
The arrow of flame hits you!
* * * LOW HITPOINT WARNING * * *
The arrow of flame burns you.
You die...

######.#####.##...#
#.##.. #.#
#..!.#.####.##.#... #.#
#####.......##.#... #.#
#....#######.#.).
#.#######.##............)
#................###.#...
###########.###.## #.####
#..§c...##.# #.####.#
#.#####@##.# #......# #
#(##.# #.###### #.(..#
#.# ###### ###


You could see a centaur.

Vanquished Creatures
  A scorpion (D:5)
  3 orc wizards
  A giant frog skeleton (D:5)
  2 orc priests (D:4)
  Natasha (D:3)
  A worker ant (D:5)
  7 gnolls
  9 adders
  2 worms (D:3)
  A shadow imp (D:5)
  An adder skeleton (D:4)
  2 giant geckos (D:2)
  12 orcs
  2 ball pythons
  A bat skeleton (D:4)
  5 giant cockroaches
  11 hobgoblins
  6 jackals
  5 kobolds
  2 quokkas
  7 bats
  3 giant newts (D:1)
  8 goblins
  14 rats
107 creatures vanquished.

Vanquished Creatures (collateral kills)
  An orc wizard (D:3)
  An adder (D:2)
  A kobold (D:1)
  2 rats (D:1)
5 creatures vanquished.

Grand Total: 112 creatures vanquished

Notes
Turn   | Place    | Note
--------------------------------------------------------------
     0 | D:1      | faibistes, the Deep Elf Wizard, began the quest for the Orb.
     0 | D:1      | Reached XP level 1. HP: 10/10 MP: 6/6
   216 | D:1      | Reached XP level 2. HP: 15/15 MP: 2/10
   220 | D:1      | Learned a level 2 spell: Blink
   223 | D:1      | Learned a level 2 spell: Call Imp
  1023 | D:2      | Reached skill level 5 in Spellcasting
  1158 | D:2      | Reached XP level 3. HP: 19/19 MP: 6/14
  1231 | D:2      | Learned a level 3 spell: Conjure Flame
  1235 | D:2      | Learned a level 3 spell: Mephitic Cloud
  1684 | D:2      | Reached XP level 4. HP: 21/24 MP: 3/17
  1696 | D:2      | Learned a level 2 spell: Repel Missiles
  1966 | D:2      | Found an iron altar of Okawaru.
  2730 | D:3      | Reached XP level 5. HP: 28/28 MP: 5/20
  2882 | D:3      | Noticed Natasha
  2886 | D:3      | Reached skill level 6 in Spellcasting
  2890 | D:3      | Killed Natasha
  3006 | D:3      | Found a sparkling altar of Nemelex Xobeh.
  3331 | D:3      | Reached XP level 6. HP: 17/32 MP: 3/22
  3909 | D:4      | Found Omufarem's Antique Armour Boutique.
  3913 | D:4      | Bought an embroidered cloak for 126 gold pieces
  3969 | D:5      | Entered Level 5 of the Dungeon
  4305 | D:4      | Found Cleruex's Weapon Emporium.
  4694 | D:4      | Found Ceddaimo's Magic Scroll Shoppe.
  4876 | D:5      | Reached skill level 7 in Spellcasting
  4883 | D:5      | Noticed Eustachio
  5303 | D:6      | Noticed faibistes' ghost (experienced DEWz)
  5386 | D:5      | Reached skill level 1 in Fighting
  5386 | D:5      | Reached XP level 7. HP: 29/38 MP: 19/25
  5885 | D:5      | HP: 1/38 [centaur/arrow of flame (9)]
  5885 | D:5      | Shot with an arrow of flame by a centaur

Action                   |  1- 3 |  4- 6 |  7- 9 || total
-------------------------+-------+-------+-------++-------
Melee: Dagger            |     1 |     9 |    14 ||    24
 Cast: Magic Dart        |    72 |   181 |    14 ||   267
       Call Imp          |     5 |     3 |       ||     8
       Mephitic Cloud    |     2 |    17 |     7 ||    26
       Blink             |     2 |    11 |     5 ||    18
       Conjure Flame     |     1 |     3 |       ||     4
       Repel Missiles    |       |     3 |       ||     3
  Use: Scroll            |     4 |     3 |     1 ||     8
       Potion            |       |       |     2 ||     2
  Eat: Chunk             |     2 |    11 |     1 ||    14
       Beef jerky        |       |       |     1 ||     1
